 Dungeon Crawl Stone Soup version 0.23.0 (webtiles) character file.

Game seed: 9921221594081980070

15819 Laan the Cleaver (level 12, -12/81 HPs)
             Began as a Mummy Fighter on Feb 16, 2019.
             Was an Elder of Makhleb.
             Mangled by a komodo dragon (15 damage)
             ... on level 2 of the Lair of Beasts.
             The game lasted 00:28:50 (13271 turns).

Laan the Cleaver (Mummy Fighter)                   Turns: 13271, Time: 00:28:50

Health: -12/81     AC: 17    Str: 23    XL:     12   Next: 4%
Magic:  14/14      EV:  7    Int: 12    God:    Makhleb [****..]
Gold:   315        SH: 11    Dex: 11    Spells: 11/11 levels left

rFire    x . .     SeeInvis .   a - +0 war axe
rCold    + . .     Gourm    .   c - +0 shield
rNeg     + + +     Faith    .   p - +0 chain mail
rPois    ∞         Spirit   .   v - +1 helmet {Int+3}
rElec    .         Reflect  .   n - +0 cloak
rCorr    +         Harm     .   q - +0 pair of gloves
MR       +....                  f - +0 pair of boots
Stlth    ..........             (no amulet)
HPRegen  0.23/turn              w - ring of resist corrosion
MPRegen  0.14/turn              o - ring of stealth

@: about to teleport
A: no food or potions, fire vulnerability, cold resistance 1, negative energy
resistance 3, torment resistance, unbreathing
a: Minor Destruction, Lesser Servant of Makhleb, Major Destruction, Renounce
Religion


You were on level 2 of the Lair of Beasts.
You worshipped Makhleb.
Makhleb was greatly pleased with you.
You were not hungry.

You visited 3 branches of the dungeon, and saw 12 of its levels.

You collected 585 gold pieces.
You spent 270 gold pieces at shops.

Inventory:

Hand Weapons
 a - a +0 war axe (weapon)
 b - a +2 flail of protection
Missiles
 y - 5 javelins (quivered)
Armour
 c - a +0 shield (worn)
 f - a +0 pair of boots (worn)
 n - a +0 cloak (worn)
 p - a +0 chain mail (worn)
 q - a +0 pair of gloves (worn)
 v - a +1 helmet of intelligence (worn)
Jewellery
 m - an uncursed ring of flight
 o - a ring of stealth (right hand)
 w - a ring of resist corrosion (left hand)
Wands
 h - a wand of digging (4)
Scrolls
 d - 4 scrolls of identify
 e - 4 scrolls of teleportation
 g - 8 scrolls of remove curse
 i - 3 scrolls of amnesia
 j - 6 scrolls of magic mapping
 k - 3 scrolls of fog


   Skills:
 - Level 3.0 Fighting
 * Level 11.5 Axes
 + Level 8.6 Armour
 + Level 8.5 Shields
 + Level 3.7 Invocations


You had 11 spell levels left.
You didn't know any spells.
Your spell library contained the following spells:

 Spells                   Type           Power        Failure   Level  Hunger
 Flame Tongue             Conj/Fire      #....        99%         1    N/A
 Throw Flame              Conj/Fire      #.....       100%        2    N/A
 Conjure Flame            Conj/Fire      #.......     100%        3    N/A
 Inner Flame              Hex/Fire       #.......     100%        3    N/A
 Sticky Flame             Conj/Fire      #.......     100%        4    N/A
 Fireball                 Conj/Fire      #.........   100%        5    N/A

Dungeon Overview and Level Annotations

Branches:
Dungeon (9/15)             Temple (1/1) D:4            Lair (2/6) D:9
 Shoals (0/4) Lair:2
  Snake: Lair:2-4    Spider: Lair:2-4       Orc: D:9-12

Altars:
Ashenzari
Makhleb
Nemelex Xobeh
Qazlal
Ru
Trog
Yredelemnul
Zin

Shops:
D:6 :   D:8 [


Innate Abilities, Weirdness & Mutations

You do not eat or drink.
Your flesh is vulnerable to fire.
You are immune to poison.
Your flesh is cold resistant. (rC+)
You are immune to negative energy. (rN+++)
You are immune to unholy pain and torment.
You can survive without breathing.


Message History

The komodo dragon is moderately wounded.
The yak gores your orange demon. The komodo dragon bites you!!
* * * LOW HITPOINT WARNING * * *
Your orange demon barely misses the yak.
Your orange demon hits the yak.
The yak looks weaker.
You can't drink.
Unknown command.
Okay, then.
Unknown command.
As you read the scroll of teleportation, it crumbles to dust.
You feel strangely unstable. The yak gores your orange demon!
You block the komodo dragon's attack.
Your orange demon stings the yak but does no damage.
Your orange demon hits the yak.
You closely miss the komodo dragon.
The komodo dragon is moderately wounded.
The yak gores your orange demon.
Your orange demon dies!
The komodo dragon bites you!
You die...

.......##P...##
........#.....###
.........#......#
...#....#......##
###.##.#.....###
#..##.....P..###
##.#..P.........
####..P..P..P.....
#@##.P.P....P.....
##l..PP.P....P....
#.((.(...........
#...Y...P.>.....P.
........P......P...
....#P.PP.P...P.....
....P.#P.P.....P......
..#.#.##P...P....P....
#P#### #.(...........


You could see a komodo dragon and a yak.

Vanquished Creatures
  2 hydras (Lair:1)
  Harold (D:7)
  3 two-headed ogres
  4 spiny frogs
  A komodo dragon (Lair:1)
  2 trolls
  Prince Ribbit (D:6)
  4 hippogriffs
  2 wyverns
  A basilisk (Lair:1)
  3 hogs (D:7)
  A human (D:7)
  A hungry ghost (D:9)
  17 yaks
  Menkaure (D:4)
  6 water moccasins
  4 porcupines
  An ice beast (D:8)
  A sky beast (D:7)
  A hornet zombie (D:8)
  An orc warrior (D:7)
  A necrophage (D:8)
  A phantom (D:8)
  2 black bears (D:9)
  An ogre (D:9)
  2 wolves (D:8)
  5 centaurs
  3 crocodiles
  10 bullfrogs
  A scorpion (D:6)
  4 killer bees (D:8)
  8 wights
  2 howler monkeys
  2 electric eels (D:9)
  4 crimson imps
  3 jellies
  2 centaur zombies
  5 orc wizards
  A bullfrog skeleton (D:5)
  A gnoll shaman (D:4)
  6 hounds
  3 orc priests
  2 iguanas
  Jessica (D:1)
  A centaur skeleton (D:5)
  4 worker ants
  A hound zombie (D:7)
  2 hound skeletons
  3 gnolls
  A howler monkey skeleton (D:4)
  9 adders
  An ooze (D:3)
  2 adder skeletons
  A worm (D:2)
  4 dart slugs
  3 leopard geckos
  19 orcs
  7 bats
  9 giant cockroaches
  3 goblins (D:2)
  8 hobgoblins
  16 jackals
  2 quokkas
  4 ball pythons
  6 frilled lizards
  A jackal skeleton (D:5)
  7 kobolds
  A leopard gecko zombie (D:5)
  7 rats
250 creatures vanquished.

Vanquished Creatures (collateral kills)
  A hydra (Lair:2)
  A bullfrog (Lair:2)
2 creatures vanquished.

Vanquished Creatures (others)
  3 fungi (Lair:1)
3 creatures vanquished.

Grand Total: 255 creatures vanquished

Notes
Turn   | Place    | Note
-------+----------+-------------------------------------------
     0 | D:1      | Laan the Mummy Fighter began the quest for the Orb.
     0 | D:1      | Reached XP level 1. HP: 18/18 MP: 1/1
   455 | D:1      | Reached skill level 2 in Axes
   455 | D:1      | Reached XP level 2. HP: 24/24 MP: 2/2
   874 | D:2      | Found a shattered altar of Ashenzari.
   926 | D:2      | Reached XP level 3. HP: 21/29 MP: 3/3
  1280 | D:2      | Noticed Jessica
  1452 | D:1      | Killed Jessica
  1452 | D:1      | Reached XP level 4. HP: 27/35 MP: 4/4
  1561 | D:2      | Reached skill level 3 in Axes
  2684 | D:4      | Found a staircase to the Ecumenical Temple.
  2689 | D:4      | Reached XP level 5. HP: 41/41 MP: 5/5
  2698 | Temple   | Entered the Ecumenical Temple
  2718 | Temple   | Became a worshipper of Makhleb the Destroyer
  3160 | D:4      | Noticed Menkaure
  3210 | D:4      | Killed Menkaure
  3210 | D:4      | Reached skill level 4 in Axes
  3210 | D:4      | Reached XP level 6. HP: 39/47 MP: 6/6
  3810 | D:5      | Entered Level 5 of the Dungeon
  3826 | D:5      | Found a sacrificial altar of Ru.
  3897 | D:5      | Reached * piety under Makhleb
  4196 | D:5      | Noticed a two-headed ogre
  4470 | D:5      | Reached XP level 7. HP: 47/52 MP: 7/7
  4726 | D:5      | Killed a two-headed ogre
  4726 | D:5      | Reached skill level 6 in Axes
  4726 | D:5      | Reached XP level 8. HP: 58/58 MP: 8/8
  4822 | D:5      | Found a burning altar of Makhleb.
  4897 | D:6      | Noticed a two-headed ogre
  4901 | D:6      | Killed a two-headed ogre
  4901 | D:6      | Reached skill level 7 in Axes
  4901 | D:6      | Reached skill level 5 in Armour
  4901 | D:6      | Reached skill level 5 in Shields
  5097 | D:6      | Reached XP level 9. HP: 61/63 MP: 9/9
  5245 | D:6      | Found Kegearaemp's Book Emporium.
  6154 | D:7      | Noticed Prince Ribbit
  6178 | D:6      | Killed Prince Ribbit
  6461 | D:7      | Reached skill level 8 in Axes
  7053 | D:7      | Noticed Harold
  7078 | D:7      | Killed Harold
  7078 | D:7      | Reached skill level 9 in Axes
  7078 | D:7      | Reached XP level 10. HP: 29/70 MP: 10/10
  7746 | D:8      | Found a bloodstained altar of Trog.
  7766 | D:8      | Found Jual's Antique Armour Emporium.
  7772 | D:8      | Bought a shiny helmet for 270 gold pieces
  7787 | D:8      | Noticed a two-headed ogre
  8021 | D:8      | Killed a two-headed ogre
  8041 | D:8      | Reached ** piety under Makhleb
  9214 | D:9      | Reached skill level 10 in Axes
  9509 | D:9      | Reached *** piety under Makhleb
  9905 | D:9      | Found a staircase to the Lair.
  9981 | D:9      | Reached XP level 11. HP: 75/75 MP: 11/11
 10126 | Lair:1   | Entered Level 1 of the Lair of Beasts
 10291 | Lair:1   | Noticed an eight-headed hydra
 10849 | D:9      | Reached skill level 1 in Invocations
 11485 | Lair:1   | Noticed a six-headed hydra
 11500 | Lair:1   | Killed a six-headed hydra
 11645 | Lair:1   | Reached skill level 11 in Axes
 12329 | Lair:1   | Killed an eight-headed hydra
 12873 | Lair:2   | Reached **** piety under Makhleb
 13207 | Lair:2   | Found a staircase to the Shoals.
 13253 | Lair:2   | Noticed a six-headed hydra
 13257 | Lair:2   | Reached XP level 12. HP: 42/81 MP: 14/14
 13265 | Lair:2   | Killed a six-headed hydra
 13269 | Lair:2   | HP: 2/81 [komodo dragon (23)]
 13271 | Lair:2   | Mangled by a komodo dragon

Skill      XL: |  1  2  3  4  5  6  7  8  9 10 11 |
---------------+----------------------------------+-----
Axes           | 2 3 4 6 7 9 10 11 | 11.5
Armour         | 3 4 5 6 7 8 |  8.6
Shields        | 3 4 5 6 7 8 |  8.5
Invocations    | 3 |  3.7
Fighting       | |  3.0

Action                   |  1- 3 |  4- 6 |  7- 9 | 10-12 || total
-------------------------+-------+-------+-------+-------++-------
Melee: War axe           |   113 |   260 |   246 |   761 ||  1380
       Flail             |       |       |       |    27 ||    27
Throw: Javelin           |       |       |       |    23 ||    23
Invok: Lesser Servant of |       |       |       |     1 ||     1
Evoke: Wand              |       |       |    15 |    13 ||    28
  Use: Scroll            |       |       |       |    11 ||    11
 Stab: Paralysed         |       |       |    18 |    32 ||    50
Armor: Scale mail        |    68 |   119 |       |       ||   187
       Chain mail        |       |     7 |   109 |   480 ||   596
Dodge: Dodged            |    48 |    85 |    27 |   186 ||   346
Block: Shield            |    51 |   172 |   113 |   466 ||   802
